 Dungeon Crawl Stone Soup version 0.23-a0-183-gf37f6fb (webtiles) character file.

210 Felrender the Slasher (level 5, -3/41 HPs)
             Began as a Demonspawn Fighter on Sept 22, 2018.
             Killed by divine providence
             ... invoked by an orc priest
              (7 damage)
             ... on level 3 of the Dungeon.
             The game lasted 00:03:39 (1348 turns).

Felrender the Slasher (Demonspawn Fighter)          Turns: 1348, Time: 00:03:40

Health: -3/41      AC: 10    Str: 22    XL:     5   Next: 57%
Magic:  5/5        EV:  8    Int:  9    God:
Gold:   122        SH:  9    Dex: 13    Spells: 4/4 levels left

rFire    + . .     SeeInvis .   a - +0 long sword
rCold    x . .     Gourm    .   c - +0 shield
rNeg     . . .     Faith    .   g - +0 chain mail
rPois    .         Spirit   .   (helmet restricted)
rElec    .         Reflect  .   n - +0 cloak
rCorr    .         Harm     .   (no gloves)
MR       .....                  (no boots)
Stlth    ..........             (no amulet)
HPRegen  0.13/turn              e - ring of fire
MPRegen  0.09/turn              (no ring)

@: mighty
A: antennae 1, repulsion field 2, demonic guardian 1
a: no special abilities


You were on level 3 of the Dungeon.
You were not hungry.

You visited 1 branch of the dungeon, and saw 3 of its levels.

You collected 122 gold pieces.

Inventory:

Hand Weapons
 a - a +0 long sword (weapon)
Armour
 c - a +0 shield (worn)
 g - a +0 chain mail (worn)
 n - a +0 cloak (worn)
Jewellery
 e - a ring of fire (left hand)
Scrolls
 l - 2 scrolls of teleportation
 m - a scroll of enchant weapon {unknown}
 o - 2 scrolls of remove curse {unknown}
Potions
 d - a potion of might
 h - a potion of curing {unknown}
 i - 3 potions of brilliance {unknown}
 j - a potion of heal wounds {unknown}
 k - a potion of invisibility {unknown}
 p - a potion of degeneration {unknown}
Comestibles
 b - 6 chunks of flesh
 f - 9 rations


   Skills:
 + Level 3.6 Fighting
 + Level 4.0 Long Blades
 + Level 3.2 Armour
 + Level 0.4 Dodging
 + Level 3.4 Shields


You had 4 spell levels left.
You didn't know any spells.
Your spell library was empty.

Dungeon Overview and Level Annotations

Branches:
Dungeon (2/15)

Altars:
Kikubaaqudgha
Zin


Innate Abilities, Weirdness & Mutations

You have a pair of small antennae on your head.
You are surrounded by a moderate repulsion field. (EV +3)
A weak demonic guardian rushes to your aid.


Message History

Purgy is almost dead.
Purgy bites you.
* * * LOW HITPOINT WARNING * * *
You block Purgy's attack. Purgy claws you but does no damage.
Purgy bites you but does no damage. Purgy claws you but does no damage.
Purgy closely misses you.
You miss Purgy.
Purgy is almost dead.
Purgy closely misses you. You block Purgy's attack.
Purgy claws you but does no damage.
You slash Purgy!
You kill Purgy!
Your Long Blades skill increases to level 4!
You have reached level 5!
Your demonic ancestry asserts itself...
Your repulsive radiation grows stronger.
Your white imp disappears in a puff of smoke!
The orc priest mumbles some strange prayers to Beogh against you.
Beogh smites you!
You die...

##.###.........#.#
##.##..8...8...#.#
...#$..........#.#
#..#⌠......5...#.#
##.#$.....o....#.#######
##.##..8..58...#........
##.###..oo.).o.#§>......
.^..#########T.#5##.....
#..............#@# ...
##.............#)# #
####.###.#####§#o#
.....# #........o#
###############..#
.......≈≈. #..#
#≈.....≈≈. ##.#
#..≈≈≈≈≈≈≈ #.. # #
#..≈≈≈≈≈≈≈ #... ##.#


You could see an orc priest, an orc and a friendly iron imp.

Vanquished Creatures
  Purgy (D:3)
  An orc wizard (D:3)
  A worm (D:2)
  A dart slug (D:1)
  A leopard gecko (D:1)
  9 orcs (D:3)
  4 bats (D:1)
  A giant cockroach (D:1)
  7 goblins
  3 hobgoblins (D:1)
  3 jackals
  A quokka (D:3)
  7 frilled lizards
  4 kobolds (D:1)
  6 rats
50 creatures vanquished.

Vanquished Creatures (collateral kills)
  An orc priest (D:3)
  3 orcs (D:3)
4 creatures vanquished.

Grand Total: 54 creatures vanquished

Notes
Turn   | Place    | Note
-------+----------+-------------------------------------------
     0 | D:1      | Felrender the Demonspawn Fighter began the quest for the
                  | Orb.
     0 | D:1      | Reached XP level 1. HP: 18/18 MP: 1/1
   128 | D:1      | Reached skill level 2 in Long Blades
   128 | D:1      | Gained mutation: A weak demonic guardian rushes to your
                  | aid. [demonic ancestry]
   128 | D:1      | Reached XP level 2. HP: 24/24 MP: 2/2
   544 | D:1      | Gained mutation: You are surrounded by a mild repulsion
                  | field. (EV +2) [demonic ancestry]
   544 | D:1      | Reached XP level 3. HP: 29/29 MP: 3/3
   690 | D:2      | Found a glowing silver altar of Zin.
   769 | D:2      | Found an ancient bone altar of Kikubaaqudgha.
   786 | D:2      | You fall through a shaft!
   949 | D:3      | Gained mutation: You have a pair of small antennae on your
                  | head. [demonic ancestry]
   949 | D:3      | Reached XP level 4. HP: 35/35 MP: 4/4
  1129 | D:3      | Reached skill level 3 in Long Blades
  1194 | D:3      | Found a faded altar of an unknown god.
  1292 | D:3      | Noticed Purgy
  1348 | D:3      | Killed Purgy
  1348 | D:3      | Reached skill level 4 in Long Blades
  1348 | D:3      | Gained mutation: You are surrounded by a moderate repulsion
                  | field. (EV +3) [demonic ancestry]
  1348 | D:3      | Reached XP level 5. HP: 4/41 MP: 5/5
  1348 | D:3      | Killed from afar by an orc priest

Vault maps used:
D:1:      dpeg_arrival_refuge, corexii_item_surrounded_by_moat,
          minmay_pentomino_w4
D:2:      nicolae_dithmenos_shadow_blocks, zin_scriptorium,
          lemuel_crystal_altar, lemuel_crystal_altar
D:3:      cheibrodos_pilgrimage, first_ration, chequers_ecumenical_altar_island,
          roderic_lattice_a, uniq_purgy

Skill      XL: |  1  2  3  4 |
---------------+-------------+-----
Long Blades    | 2 4 |  4.0
Shields        | 3 |  3.4
Armour         | 3 |  3.2
Fighting       | |  3.6
Dodging        | |  0.4

Action                   |  1- 3 |  4- 6 || total
-------------------------+-------+-------++-------
Melee: Long sword        |   104 |    49 ||   153
  Use: Scroll            |     1 |       ||     1
       Potion            |       |     1 ||     1
  Eat: Chunk             |       |     2 ||     2
Armor: Chain mail        |    67 |    39 ||   106
Dodge: Dodged            |    21 |    11 ||    32
Block: Shield            |    50 |    30 ||    80
       Rpst.: Long sword |     7 |     1 ||     8

Table legend:
 A = Non-vault XP
 B = Vault XP
 C = Vault XP percentage of total XP
 D = Non-vault monster count
 E = Vault monster count
 F = Vault count percentage of total count
                 A         B        C        D         E       F
            +---------+---------+-------+---------+---------+-------
      Total |     137 |     164 |  54.5 |      41 |      13 |  24.1
            +---------+---------+-------+---------+---------+-------
        D:1 |      31 |      16 |  34.0 |      21 |       8 |  27.6
        D:2 |       8 |       0 |   0.0 |       3 |       0 |   0.0
        D:3 |      98 |     148 |  60.2 |      17 |       5 |  22.7
            +---------+---------+-------+---------+---------+-------
